 Dungeon Crawl Stone Soup version 0.16.1-2-g95b8d4c (webtiles) character file.

17017 inmateoo the Cleaver (level 12, -7/108 HPs)
             Began as a Hill Orc Fighter on Mar 24, 2015.
             Was the Champion of Beogh.
             Killed from afar by Harold (31 damage)
             ... with a bolt of fire
             ... on level 13 of the Dungeon.
             The game lasted 00:23:33 (12074 turns).

inmateoo the Cleaver (Hill Orc Fighter)            Turns: 12074, Time: 00:23:33

Health: -7/108     AC: 22    Str: 22    XL:     12   Next: 43%
Magic:  6/12       EV: 13    Int:  8    God:    Beogh [******]
Gold:   642        SH: 13    Dex: 14    Spells: 0 memorised, 11 levels left

rFire  . . .     SeeInvis .     S - +3 war axe (elec)
rCold  . . .     Clarity  .     z - +2 chain mail of Wegit {Dex+4}
rNeg   . . .     SustAb   .     c - +0 shield
rPois  .         Gourm    .     M - +2 hat
rElec  .         Spirit   .     (no cloak)
rCorr  .         Warding  .     l - +0 pair of gloves
rMut   .         Stasis   .     n - +0 pair of boots
MR     .....                    (no amulet)
Stlth  ..........               o - +3 ring of evasion
                                b - +2 ring of protection

@: not resistant to hostile enchantments, extremely unstealthy
A: walk on water, horns 1, blink 1, blurry vision 1, spit poison 1, weak 1
a: Spit Poison, Blink, Smiting, Recall Orcish Followers, Give Item to Named
Follower, Renounce Religion


You were on level 13 of the Dungeon.
You worshipped Beogh.
Beogh was exalted by your worship.
You were not hungry.

You visited 1 branch of the dungeon, and saw 13 of its levels.

You collected 927 gold pieces.
You spent 285 gold pieces at shops.

Inventory:

Hand weapons
 I - the +9 war axe "inmateoo's Regret" {flame, rF- MR+ Stlth+}
   (You found it on level 9 of the Dungeon)

   It has been specially enchanted to burn those struck by it, causing extra
   injury to most foes and up to half again as much damage against particularly
   susceptible opponents.
   Big, fiery blades are also staple armaments of hydra-hunters.
   It makes you vulnerable to fire.
   It affects your resistance to hostile enchantments.
   It makes you more stealthy.
 S - a +3 war axe of electrocution (weapon)
Armour
 c - a +0 shield (worn)
 l - a +0 pair of gloves (worn)
 n - a +0 pair of boots (worn)
 z - the +2 chain mail of Wegit (worn) {Dex+4}
   (You found it on level 12 of the Dungeon)

   It affects your dexterity (+4).
 M - a +2 hat (worn)
Jewellery
 b - a +2 ring of protection (left hand)
 i - an uncursed amulet of regeneration
 o - a +3 ring of evasion (right hand)
 y - an uncursed amulet of stasis {unknown}
 O - an uncursed amulet of the gourmand {unknown}
 R - an uncursed ring of fire
Magical devices
 a - a wand of disintegration (9)
 j - a wand of confusion (10)
 s - a wand of random effects (29)
 x - a wand of fire (4)
 F - a wand of polymorph (24)
 J - a wand of cold (3)
 K - a wand of flame (25)
 L - a wand of disintegration (18)
 N - a wand of lightning (8)
Scrolls
 t - 4 scrolls of teleportation
 v - 7 scrolls of remove curse
 B - 2 scrolls of fog
 C - 2 scrolls of fear
 P - 2 scrolls of noise
 Q - a scroll of recharging
Potions
 e - a potion of might
 f - 3 potions of agility
 h - 4 potions of haste
 k - 4 potions of restore abilities
 p - a potion of cure mutation
 q - 7 potions of curing
 u - a potion of ambrosia
 w - a potion of cancellation
 D - a potion of magic
 G - a potion of berserk rage {unknown}
 H - 2 potions of heal wounds
Comestibles
 d - 5 meat rations
 g - 10 bread rations
 m - 5 beef jerkies
 E - 7 slices of pizza


   Skills:
 + Level 10.7 Fighting
 * Level 14.6 Axes
 + Level 9.9 Armour
 + Level 6.7 Dodging
 + Level 9.3 Shields


You had 11 spell levels left.
You didn't know any spells.

Dungeon Overview and Level Annotations

Branches:
Dungeon (13/15)            Temple (0/1) D:7            Lair (0/8) D:10
    Orc (0/4) D:9
 Vaults: D:13-14

Altars:
Elyvilon
Makhleb
Sif Muna
Trog
Zin

Shops:
D:4 !   D:12 *

Annotations:
D:13 Harold


Innate Abilities, Weirdness & Mutations

You can walk on water.
You have a pair of small horns on your head.
You can translocate small distances at will.
Scrolls take you a little longer to read.
You can spit poison.
You are weak. (Str -2)


Message History

Harold casts a spell at you. The bolt of fire hits you!
* * * LOW HITPOINT WARNING * * *
You slice the net and break free!
Harold zaps a wand.
You easily resist.
Unknown command.
Harold throws a throwing net.
You block the throwing net.
Morbeogh throws a tomahawk.
The tomahawk hits Harold!
You see here a throwing net.
Unknown command.
Orbeogh roars a battlecry!
Morbeogh goes into a battle-frenzy!
Morbeogh throws a tomahawk.
The tomahawk hits Harold.
Unknown command.
Harold is smitten.
Morbeogh throws a tomahawk.
The tomahawk hits Harold!
Unknown command.
Unknown command.
Unknown command.
Harold points at you and mumbles some strange words.
The bolt of fire hits you!
You die...

......# #....#
......# #....#
......# #....#
......# #....#
.....o########....#
.....(#oo)ooo(.(..#
....oooo######o.@.#
.....o### #....+
####### #..@.#
######


You could see Harold, the friendly Morbeogh the orc knight (frenzied) and the
friendly Orbeogh the orc knight (frenzied).

Vanquished Creatures
  A centaur warrior (D:13)
  3 hill giants (D:11)
  A giant orange brain (D:11)
  2 ugly things
  A centaur skeleton (D:13)
  A troll (D:10)
  A hornet zombie (D:10)
  A wraith (D:13)
  The ghost of tompliss the Digger, an average GrEE (D:3)
  A shadow (D:13)
  A wyvern (D:9)
  10 yaks
  2 hungry ghosts
  A mottled dragon (D:12)
  2 hippogriffs
  Menkaure (D:5)
  2 black bears
  2 ice beasts
  2 wasps
  2 sky beasts
  10 centaurs
  3 big kobolds
  Duvessa (D:5)
  3 brain worms (D:11)
  9 ogres
  A crocodile (D:11)
  A gnoll sergeant (D:5)
  A wyvern zombie (D:12)
  A giant frog (D:6)
  3 scorpions
  5 killer bees
  5 wights
  5 hounds
  Dowan (D:5)
  A crimson imp (D:10)
  10 orc wizards
  3 giant frog zombies (D:6)
  3 giant frog skeletons
  3 jellies
  2 iguanas
  7 orc priests
  11 worker ants
  2 hound skeletons
  2 mummies
  11 gnolls
  2 worker ant zombies
  14 adders
  A giant mite (D:2)
  A shadow imp (D:6)
  3 worms
  6 giant geckos
  2 oozes
  25 orcs
  A bat skeleton (D:6)
  6 giant cockroaches
  11 goblins
  15 hobgoblins
  9 jackals
  4 quokkas
  A ball python (D:2)
  15 bats
  6 giant newts
  A giant spore (D:12)
  23 kobolds
  16 rats
  8 ballistomycetes
  A fungus (D:10)
313 creatures vanquished.

Vanquished Creatures (collateral kills)
  An unseen horror (D:13)
  A hill giant (D:10)
  3 ugly things
  A manticore (D:10)
  A centaur zombie (D:12)
  2 gargoyles
  2 two-headed ogres
  A trapdoor spider (D:12)
  A basilisk (D:13)
  Eustachio (D:10)
  3 yaks (D:11)
  2 hungry ghosts
  A steam dragon (D:12)
  A human (D:7)
  2 hogs (D:7)
  A hippogriff (D:13)
  A water moccasin (D:12)
  An ice beast (D:8)
  3 orc warriors
  A black bear (D:9)
  2 ogres
  2 phantoms
  A sky beast (D:6)
  A big kobold (D:9)
  5 centaurs
  A giant frog (D:9)
  A brain worm (D:11)
  2 wyvern zombies
  A scorpion (D:7)
  6 killer bees
  9 wights
  A crimson imp (D:11)
  A goliath beetle (D:7)
  2 giant frog zombies
  A jelly (D:8)
  2 centaur skeletons
  2 hounds
  A quasit (D:12)
  A giant frog skeleton (D:12)
  3 orc wizards
  A sheep (D:7)
  4 worker ants
  2 iguanas
  A river rat (D:10)
  A shadow imp (D:12)
  12 orcs
  A bat zombie (D:7)
  A hobgoblin (D:7)
  A quokka (D:12)
  2 bats (D:10)
  2 kobolds
  2 rats (D:10)
  A ballistomycete (D:10)
  A fungus (D:10)
  3 plants (D:10)
110 creatures vanquished.

Vanquished Creatures (others)
  An orc warrior (D:11)
  3 orc priests
  3 orc wizards
  18 orcs
  A hobgoblin (D:3)
  A ball python (D:3)
  A giant spore (D:10)
  2 fungi (D:10)
30 creatures vanquished.

Grand Total: 453 creatures vanquished

Notes
Turn   | Place    | Note
--------------------------------------------------------------
     0 | D:1      | inmateoo, the Hill Orc Fighter, began the quest for the Orb.
     0 | D:1      | Reached XP level 1. HP: 19/19 MP: 1/1
    95 | D:1      | Reached XP level 2. HP: 13/27 MP: 2/2
   446 | D:1      | Reached XP level 3. HP: 30/33 MP: 3/3
   697 | D:1      | Reached skill level 4 in Axes
  1347 | D:2      | Reached XP level 4. HP: 37/40 MP: 4/4
  1607 | D:3      | HP: 2/40 [something (2)]
  1608 | D:3      | Became a worshipper of Beogh the Brigand
  2166 | D:3      | Reached XP level 5. HP: 46/46 MP: 5/5
  2180 | D:3      | Reached skill level 5 in Axes
  2610 | D:3      | Reached XP level 6. HP: 53/53 MP: 6/6
  2828 | D:3      | Noticed tompliss' ghost (average GrEE)
  2842 | D:3      | Killed tompliss' ghost
  2842 | D:3      | Reached skill level 6 in Axes
  2842 | D:3      | Reached skill level 5 in Armour
  2842 | D:3      | Reached skill level 1 in Dodging
  3005 | D:4      | Reached XP level 7. HP: 57/60 MP: 7/7
  3007 | D:4      | Found Trym's Distillery.
  3028 | D:4      | Acquired Beogh's first power
  3028 | D:4      | Reached skill level 5 in Fighting
  3035 | D:4      | Bought a potion of might for 40 gold pieces
  3055 | D:4      | Bought a potion of heal wounds for 50 gold pieces
  3055 | D:4      | Bought a potion of curing for 30 gold pieces
  3055 | D:4      | Bought a potion of curing for 30 gold pieces
  3451 | D:4      | Reached skill level 7 in Axes
  3686 | D:4      | Reached XP level 8. HP: 57/69 MP: 8/8
  3692 | D:4      | Reached skill level 5 in Shields
  3813 | D:4      | Acquired Beogh's second power
  3847 | D:5      | Entered Level 5 of the Dungeon
  3970 | D:5      | Noticed Duvessa
  3973 | D:5      | Found a burning altar of Makhleb.
  3976 | D:5      | Killed Duvessa
  4130 | D:5      | Noticed a green death
  4149 | D:5      | Noticed Dowan
  4178 | D:5      | Killed Dowan
  4193 | D:5      | Noticed Menkaure
  4207 | D:5      | Killed Menkaure
  4207 | D:5      | Reached skill level 8 in Axes
  4888 | D:6      | Acquired Beogh's third power
  5109 | D:6      | Reached XP level 9. HP: 70/78 MP: 9/9
  5113 | D:6      | Gained mutation: You tend to lose your temper in combat. [mutagenic meat]
  5114 | D:6      | Gained mutation: You are weak. (Str -2) [mutagenic meat]
  5115 | D:6      | Gained mutation: Your magical capacity is low (-10% MP). [mutagenic meat]
  5199 | D:6      | Reached skill level 9 in Axes
  5586 | D:6      | Gained Bogmar as an ally
  5938 | D:7      | Found a staircase to the Ecumenical Temple.
  5978 | D:7      | Your ally Bogmar died
  6261 | D:7      | Acquired Beogh's fourth power
  6324 | D:7      | Reached skill level 10 in Axes
  6357 | D:7      | Gained Nordag as an ally
  6477 | D:7      | Reached XP level 10. HP: 86/86 MP: 9/9
  6707 | D:8      | Got a bloodstained trident
  6708 | D:8      | Identified the cursed +0 trident of the Wheel {freeze, rPois rN+ MP+9} (You found it on level 8 of the Dungeon)
  7025 | D:8      | Reached skill level 11 in Axes
  7840 | D:9      | Found a bloodstained altar of Trog.
  7954 | D:9      | Gained mutation: Your flesh is heat resistant. [mutagenic meat]
  7955 | D:9      | Gained mutation: You are dopey. (Int -2) [mutagenic meat]
  8048 | D:9      | Acquired Beogh's fifth power
  8099 | D:9      | Reached skill level 5 in Dodging
  8177 | D:9      | Reached skill level 12 in Axes
  8269 | D:9      | Found a staircase to the Orcish Mines.
  8277 | D:9      | Gained Orbeogh as an ally
  8918 | D:9      | Found a white marble altar of Elyvilon.
  8918 | D:9      | Found a glowing silver altar of Zin.
  8919 | D:9      | Found a deep blue altar of Sif Muna.
  8969 | D:9      | Got an encrusted war axe
  8970 | D:9      | Identified the +9 war axe "inmateoo's Regret" {flame, rF- MR+ Stlth+} (You found it on level 9 of the Dungeon)
  9174 | D:10     | Entered Level 10 of the Dungeon
  9191 | D:10     | Reached XP level 11. HP: 91/95 MP: 8/9
  9238 | D:10     | Gained Milork as an ally
  9293 | D:10     | Got a warped ring mail
  9306 | D:10     | Identified the cursed -5 ring mail of Potewn {rCorr Str+4 Int-4 Stlth+} (You found it on level 10 of the Dungeon)
  9355 | D:10     | Got a slimy great sword
  9384 | D:10     | Identified the +8 great sword of Equivalence {antimagic, Int+3} (You found it on level 10 of the Dungeon)
  9387 | D:10     | Your ally Milork died
  9393 | D:10     | Gained Morbeogh as an ally
  9404 | D:10     | Found a staircase to the Lair.
  9430 | D:10     | Noticed a hill giant
  9439 | D:10     | Killed a hill giant
  9772 | D:10     | Noticed Eustachio
  9784 | D:10     | Killed Eustachio
  9953 | D:10     | Noticed a manticore
  9957 | D:10     | Killed a manticore
 10046 | D:11     | Reached skill level 13 in Axes
 10091 | D:11     | Noticed a hill giant
 10098 | D:11     | Gained Orbeogh as an ally
 10099 | D:11     | Killed a hill giant
 10119 | D:11     | Noticed a hill giant
 10127 | D:11     | Killed a hill giant
 10143 | D:11     | Gained Murdo as an ally
 10165 | D:11     | Noticed a hill giant
 10173 | D:11     | Killed a hill giant
 10529 | D:11     | Gained mutation: You can translocate small distances at will. [mutagenic meat]
 10530 | D:11     | Gained mutation: You have large cloven feet. [mutagenic meat]
 10840 | D:11     | Noticed a giant orange brain
 10845 | D:11     | Killed a giant orange brain
 10845 | D:11     | Lost intelligence.
 10889 | D:11     | Gained mutation: You have a pair of small horns on your head. [potion of mutation]
 11226 | D:12     | Reached skill level 14 in Axes
 11267 | D:12     | Reached skill level 10 in Fighting
 11267 | D:12     | Reached XP level 12. HP: 61/106 MP: 10/10
 11273 | D:12     | Gained mutation: Scrolls take you a little longer to read. [mutagenic meat]
 11627 | D:12     | Got a steaming chain mail
 11638 | D:12     | Identified the +2 chain mail of Wegit {Dex+4} (You found it on level 12 of the Dungeon)
 11692 | D:12     | Found Klyxiyps' Assorted Antiques.
 11695 | D:12     | Bought a scroll of enchant weapon for 135 gold pieces
 11827 | D:13     | Gained mutation: You can spit poison. [mutagenic meat]
 11918 | D:13     | Lost mutation: Your flesh is heat resistant. [mutagenic meat]
 11919 | D:13     | Lost mutation: You have large cloven feet. [potion of cure mutation]
 11919 | D:13     | Lost mutation: You are dopey. (Int -2) [potion of cure mutation]
 11919 | D:13     | Lost mutation: Your magical capacity is low (-10% MP). [potion of cure mutation]
 11919 | D:13     | Lost mutation: You tend to lose your temper in combat. [potion of cure mutation]
 12008 | D:13     | Noticed a centaur warrior
 12015 | D:13     | Killed a centaur warrior
 12042 | D:13     | Noticed Harold
 12074 | D:13     | Killed from afar by Harold

Action                   |  1- 3 |  4- 6 |  7- 9 | 10-12 || total
-------------------------+-------+-------+-------+-------++-------
Melee: War axe           |   208 |   159 |   439 |   567 ||  1373
Invok: Convert to Beogh  |       |     1 |       |       ||     1
       Recall Orcish Fol |       |       |       |     6 ||     6
       Give Item to Name |       |       |       |     3 ||     3
Evoke: Wand              |       |       |       |     1 ||     1
  Use: Scroll            |       |     7 |     4 |    13 ||    24
       Potion            |       |     2 |     2 |     6 ||    10
 Stab: Distracted        |       |       |     2 |     3 ||     5
       Fleeing           |       |       |       |     1 ||     1
  Eat: Chunk             |     2 |     4 |    16 |    27 ||    49
       Royal jelly       |       |       |       |     2 ||     2
       Beef jerky        |       |       |       |     3 ||     3
       Pizza             |       |       |       |     1 ||     1
